 Dungeon Crawl Stone Soup version 0.21.1-1-g345015fe64 (webtiles) character file.

140 Oravi the Cutter (level 5, -7/36 HPs)
             Began as a Halfling Fighter on Mar 27, 2018.
             Killed by nerve-wracking pain
             ... invoked by an orc priest
              (14 damage)
             ... on level 2 of the Dungeon.
             The game lasted 00:08:13 (2127 turns).

Oravi the Cutter (Halfling Fighter)                 Turns: 2127, Time: 00:08:14

Health: -7/36      AC:  7    Str: 18    XL:     5   Next: 46%
Magic:  5/5        EV:  9    Int:  6    God:
Gold:   29         SH: 10    Dex: 14    Spells: 4/4 levels left

rFire    . . .     SeeInvis .   a - +0 rapier
rCold    . . .     Gourm    .   c - +0 shield
rNeg     . . .     Faith    .   u - +0 scale mail
rPois    .         Spirit   .   (no helmet)
rElec    .         Reflect  .   (no cloak)
rCorr    .         Harm     .   (no gloves)
MR       .....                  (no boots)
Stlth    ..........             (no amulet)
HPRegen  0.12/turn              (no ring)
MPRegen  0.09/turn              (no ring)

@: invisible
A: small, mutation resistance 1
a: no special abilities


You were on level 2 of the Dungeon.
You were not hungry.

You visited 1 branch of the dungeon, and saw 4 of its levels.

You collected 29 gold pieces.

Inventory:

Hand Weapons
 a - a +0 rapier (weapon)
 b - a +0 hunting sling
Missiles
 g - 93 stones (quivered)
 o - 12 sling bullets
Armour
 c - a +0 shield (worn)
 u - a +0 scale mail (worn)
 w - a +1 leather armour of poison resistance
Jewellery
 m - an uncursed amulet of magic regeneration {unknown}
 s - an uncursed ring of positive energy {unknown}
Scrolls
 e - 2 scrolls of teleportation {unknown}
 h - a scroll of fear {unknown}
 i - 4 scrolls of remove curse {unknown}
 j - a scroll of noise {unknown}
 n - a scroll of random uselessness {unknown}
 p - 4 scrolls of amnesia {unknown}
 q - a scroll of blinking {unknown}
 r - 4 scrolls of identify {unknown}
 t - 2 scrolls of enchant armour {unknown}
Potions
 k - a potion of brilliance {unknown}
 l - a potion of heal wounds {unknown}
Comestibles
 f - 4 rations
 v - 5 chunks of flesh


   Skills:
 + Level 3.1 Fighting
 * Level 4.6 Short Blades
 * Level 1.3 Slings
 + Level 3.9 Armour
 + Level 0.9 Dodging
 + Level 3.7 Shields


You had 4 spell levels left.
You didn't know any spells.

Dungeon Overview and Level Annotations

Branches:
Dungeon (4/15)
 Temple: D:4-7

Altars:
Uskayaw


Innate Abilities, Weirdness & Mutations

You are small and have problems with some larger weapons.
You are somewhat resistant to further mutation.


Message History

You hit the orc.
The orc is moderately wounded.
The orc hits you but does no damage. The orc hits you but does no damage.
The orc priest hits you but does no damage.
You climb upwards.
There is a stone staircase leading down here.
You closely miss the orc.
The orc is moderately wounded.
The orc hits you with a hand axe.
The orc priest invokes the aid of Beogh against you.
Beogh smites you!
* * * LOW HITPOINT WARNING * * *
Okay, then.
It was a potion of invisibility.
You fade into invisibility!
You block the orc's attack.
The orc priest calls down the wrath of Beogh upon you.
Pain shoots through your body!
You die...

#.# #.#.....# #.# #.# #...###.#
#.# #.# ##..# #.# ##'## #[#
#.>###.###.).## ##.##
#......##.....## ##...#
#######.######.......##
##....#####........####.........#
...............o......'.........'
##....#####.###.@..####.........#
.........##.....o.## ##.......##
..###.##.#####.....# ##.....##
..###.##.# ##...## ##...##
[.##..##.# ##.## ##'## ..##.###.#
#.# #.# ..##.###.# #.##########.#
.........# #.........##.##
####.##### #..######.#...##


You could see an orc priest and an orc.

Vanquished Creatures
  An orc wizard (D:3)
  Jessica (D:2)
  2 adders (D:2)
  3 worms
  3 dart slugs
  5 orcs (D:3)
  2 ball pythons (D:1)
  2 giant cockroaches
  3 hobgoblins
  2 jackals (D:3)
  4 kobolds
  2 quokkas (D:2)
  10 bats
  4 frilled lizards
  4 goblins
  5 rats
53 creatures vanquished.

Notes
Turn   | Place    | Note
-------+----------+-------------------------------------------
     0 | D:1      | Oravi the Halfling Fighter began the quest for the Orb.
     0 | D:1      | Reached XP level 1. HP: 15/15 MP: 1/1
   104 | D:1      | Reached XP level 2. HP: 20/20 MP: 2/2
   588 | D:1      | Reached skill level 3 in Short Blades
   703 | D:1      | Reached XP level 3. HP: 25/25 MP: 3/3
   980 | D:2      | Noticed a dagger
   981 | D:2      | Noticed a dagger
   983 | D:2      | Found a hide-covered altar of Uskayaw.
   995 | D:3      | Found a faded altar of an unknown god.
  1223 | D:2      | Noticed Jessica
  1229 | D:2      | Killed Jessica
  1229 | D:2      | Reached XP level 4. HP: 24/31 MP: 4/4
  1547 | D:2      | Reached skill level 4 in Short Blades
  1960 | D:3      | Reached XP level 5. HP: 36/36 MP: 5/5
  1983 | D:3      | Reached skill level 1 in Slings
  2127 | D:2      | Killed from afar by an orc priest

Skill      XL: |  1  2  3  4  5 |
---------------+----------------+-----
Short Blades   | 3 4 |  4.6
Fighting       | 3 |  3.1
Slings         | 1 |  1.3
Armour         | |  3.9
Dodging        | |  0.9
Shields        | |  3.7

Action                   |  1- 3 |  4- 6 || total
-------------------------+-------+-------++-------
Melee: Rapier            |   108 |    42 ||   150
 Fire: Hunting sling     |       |    30 ||    30
  Use: Potion            |     1 |     1 ||     2
  Eat: Chunk             |     1 |     3 ||     4
Armor: Scale mail        |    42 |    16 ||    58
Dodge: Dodged            |    31 |    11 ||    42
Block: Shield            |    62 |    25 ||    87
